Map: Moondance

Players

Victor - Winner!

  • Race: Terran Terran
  • Spawn Location: 12:00

TheMadMan

  • Race: Terran Terran
  • League: Diamond
  • Spawn Location: 6:00

VOD

Have the link to the VOD?

Description

Time

  • Played on: Oct. 22, 2022, 11:01 a.m.
  • Length: 12:56
Show
View Real Time Build Order
Export as new Build Order

Victor Terran - Winner!

Build Orders:  

Get SALT Encoding   

  12  0:01  SCV  
  13  0:14  Supply Depot  
  13  0:18  SCV  
  14  0:30  SCV  
  15  0:44  Barracks  
  15  0:45  SCV  
  16  0:58  SCV  
  16  1:02  Refinery  
  17  1:08  Barracks  
  17  1:10  SCV  
  18  1:14  Supply Depot  
  18  1:22  SCV  
  19  1:34  SCV  
  20  2:11  Reaper  
  20  2:15  Barracks  
  21  2:16  SCV  
  18  2:43  Reaper  
  6  3:22  Reaper  
  6  3:24  Reaper, Command Center  
  5  4:36  SCV  
  6  4:50  SCV  
  7  5:12  SCV  
  8  5:49  SCV  
  9  6:01  SCV  
  9  6:19  SCV  
  10  6:32  SCV  
  11  6:44  SCV  
  12  7:34  SCV  
  13  7:37  Supply Depot  
  13  7:44  Supply Depot  
  13  7:46  SCV  
  14  7:58  SCV  
  15  8:10  SCV  
  15  8:11  Refinery  
  16  8:22  SCV  
  17  8:34  SCV  
  18  8:46  SCV  
  18  8:58  SCV  
  18  9:04  Reaper x2  
  18  9:09  Refinery  
  20  9:11  SCV  
  21  9:49  Reaper x2  
  21  9:50  Command Center  
  21  9:51  SCV  
  24  9:55  Factory  
  24  10:04  SCV  
  24  10:16  SCV  
  24  10:21  Reaper x2  
  26  10:28  SCV  
  27  10:40  SCV  
  28  10:42  Factory Tech Lab  
  28  10:52  SCV  
  28  10:53  Reaper x2  
  31  11:07  Cyclone  
  34  11:13  Engineering Bay  
  34  11:15  SCV  
  35  11:25  Reaper x2  
  37  11:27  SCV  
  39  11:40  SCV  
  39  12:02  Cyclone  
  39  12:05  SCV  
  39  12:08  Supply Depot  
  43  12:11  Armory  
  43  12:17  SCV  
  42  12:29  SCV  
  41  12:30  Supply Depot  
  40  12:53  Supply Depot  
Show
View Real Time Build Order
Export as new Build Order

TheMadMan Terran 

Build Orders: Reaper Expand 

Get SALT Encoding   

  12  0:02  SCV  
  14  0:14  SCV  
  14  0:21  Supply Depot  
  14  0:26  SCV  
  15  0:44  Barracks  
  15  0:52  Barracks  
  15  0:57  SCV  
  16  1:09  SCV  
  17  1:21  SCV  
  17  1:24  Supply Depot  
  18  1:32  Marine  
  19  1:39  Marine  
  20  1:47  Supply Depot  
  20  1:53  Marine  
  20  2:14  Marine x2  
  22  2:17  Bunker  
  22  2:34  Marine x2  
  22  2:51  Marine  
  22  2:52  Marine  
  24  3:00  Bunker  
  24  3:16  Marine x2  
  22  3:34  Marine x2  
  19  3:37  Command Center  
  17  3:51  Marine  
  17  3:52  Marine  
  14  4:09  Marine x2  
  16  5:18  SCV  
  17  5:30  SCV  
  17  5:40  Marine  
  15  5:43  SCV  
  13  5:50  Marine  
  14  5:57  Marine  
  13  6:14  Orbital Command  
  13  6:47  SCV  
  14  6:59  SCV  
  13  7:11  SCV  
  14  7:23  SCV  
  14  7:35  SCV  
  15  7:40  Refinery  
  15  7:43  SCV  
  16  7:47  SCV  
  17  8:00  SCV  
  18  8:28  Reaper  
  18  8:43  SCV  
  18  8:53  Reaper  
  18  8:55  SCV  
  15  9:07  SCV  
  16  9:10  Reaper  
  16  9:13  SCV  
  18  9:19  SCV  
  19  9:25  SCV  
  20  9:31  SCV  
  21  9:43  SCV  
  21  9:44  Reaper x2  
  24  9:52  Orbital Command  
  24  9:55  SCV  
  25  10:08  SCV  
  24  10:26  Factory  
  24  10:32  Marine x2  
  24  10:35  SCV  
  27  10:47  SCV  
  27  10:49  Marine  
  28  10:50  Marine  
  30  11:03  Supply Depot  
  30  11:04  Supply Depot  
  30  11:22  Starport  
  30  11:24  Marine x2  
  30  11:25  SCV  
  33  11:32  Command Center  
  33  11:37  SCV  
  33  11:42  Marine x2  
  33  11:49  SCV  
  34  12:00  Marine x2  
  36  12:05  Medivac  
  36  12:07  Factory Tech Lab  
  38  12:15  SCV  
  39  12:18  Marine x2  
  37  12:27  SCV  
  32  12:36  Marine x2  
Tags
 
League
Diamond
Matchup
TvT
Race
Terran
Spawn Locations
Cross Positions
Add a new tag
Caveats
  • Supply blocks, unpowered buildings, or Contaminate may cause inaccurate times.
  • Supply counts are checked every 10 seconds.